General information
- name: BNet
- type: Ladder team game (AT/RT)
- host: Battle.net
- saver: MsClausPlusNine
map: Slalom
- players: 8
- length: 35:03
- speed: Fast
- version: 1.26 W3XP
- replay type:

» download(474 KB)
Players
team 1 (loser)
3x3x3 (
purple | 204 APM | 7098 actions | 34:52)
8 Tauren Chieftain
3 Endurance Aura
3 War Stomp
1 Reincarnation
1 Shockwave
» actions
| Assign group hotkey | 113 | |
| Basic commands | 244 | |
| Build / train | 130 | |
| ESC pressed | 4 | |
| Enter build submenu | 22 | |
| Enter hero's abilities submenu | 8 | |
| Give item / drop item | 1 | |
| Right click | 2865 | |
| Select / deselect | 1385 | |
| Select group hotkey | 1934 | |
| Use ability | 392 | |
7098 total
» units
| Peon | 14 | |
| Troll Headhunter/Berserker | 29 | |
| Demolisher | 8 | |
| Troll Witch Doctor | 8 | |
| Troll Batrider | 2 | |
| Kodo Beast | 2 | |
| Spirit Walker | 2 | |
| Shaman | 4 | |
69 total
» upgrades
| Ranged Weapons | 2 | |
| Armor | 1 | |
| Witch Doctor Training | 2 | |
| Burning Oil | 1 | |
| Berserker Upgrade | 1 | |
| Reinforced Defenses | 1 | |
| Spirit Walker Training | 2 | |
| Shaman Training | 2 | |
12 total
» buildings
| Altar of Storms | 2 | |
| Barracks | 2 | |
| War Mill | 1 | |
| Orc Burrow | 6 | |
| Voodoo Lounge | 2 | |
| Stronghold | 2 | |
| Great Hall | 1 | |
| Fortress | 2 | |
| Spirit Lodge | 2 | |
| Beastiary | 1 | |
| Watch Tower | 2 | |
23 total
» build order
00:02 Altar of Storms
00:09 Barracks
00:15 War Mill
00:31 Orc Burrow
00:57 Altar of Storms
01:41 Barracks
02:02 Voodoo Lounge
02:50 Orc Burrow
03:52 Orc Burrow
06:07 Stronghold
06:08 Stronghold
06:18 Orc Burrow
07:12 Great Hall
08:31 Fortress
08:33 Spirit Lodge
10:49 Spirit Lodge
11:01 Voodoo Lounge
14:12 Orc Burrow
14:14 Orc Burrow
15:16 Beastiary
17:49 Watch Tower
17:50 Watch Tower
» items
| Lesser Clarity Potion | 11 | |
| Scroll of Speed | 2 | |
| Healing Salve | 8 | |
| Potion of Healing | 3 | |
| Scroll of Town Portal | 3 | |
| Orb of Lightning | 1 | |
28 total
ghostik_37 (
yellow | 128 APM | 4476 actions | 34:54)
6 Death Knight
3 Death Coil
3 Unholy Aura
5 Lich
3 Frost Nova
2 Frost Armor
» actions
| Assign group hotkey | 43 | |
| Basic commands | 237 | |
| Build / train | 97 | |
| ESC pressed | 1 | |
| Enter build submenu | 20 | |
| Enter hero's abilities submenu | 12 | |
| Give item / drop item | 3 | |
| Right click | 1785 | |
| Select / deselect | 446 | |
| Select group hotkey | 1642 | |
| Use ability | 189 | |
4476 total
» units
| Acolyte | 11 | |
| Ghoul | 4 | |
| Crypt Fiend | 9 | |
| Frost Wyrm | 7 | |
| Obsidian Statue | 5 | |
36 total
» upgrades
| Web | 1 | |
| Burrow | 1 | |
| Freezing Breath | 1 | |
| Creature Attack | 4 | |
| Creature Carapace | 3 | |
| Destroyer Form | 1 | |
11 total
» buildings
| Crypt | 1 | |
| Graveyard | 1 | |
| Ziggurat | 13 | |
| Altar of Darkness | 1 | |
| Tomb of Relics | 1 | |
| Nerubian Tower | 3 | |
| Halls of the Dead | 2 | |
| Black Citadel | 2 | |
| Sacrificial Pit | 1 | |
| Necropolis | 1 | |
| Boneyard | 2 | |
| Slaughterhouse | 1 | |
| Spirit Tower | 4 | |
33 total
» build order
00:07 Crypt
00:11 Graveyard
00:39 Ziggurat
00:57 Altar of Darkness
01:38 Ziggurat
01:52 Tomb of Relics
03:42 Nerubian Tower
04:46 Halls of the Dead
04:46 Halls of the Dead
05:11 Ziggurat
06:18 Ziggurat
07:24 Black Citadel
07:24 Black Citadel
07:54 Sacrificial Pit
08:52 Necropolis
10:38 Boneyard
11:00 Boneyard
11:30 Ziggurat
11:42 Slaughterhouse
12:24 Nerubian Tower
14:33 Spirit Tower
14:59 Ziggurat
14:59 Ziggurat
15:01 Ziggurat
15:05 Ziggurat
24:05 Ziggurat
25:36 Spirit Tower
25:37 Spirit Tower
25:38 Ziggurat
25:41 Ziggurat
26:44 Spirit Tower
27:22 Ziggurat
28:20 Nerubian Tower
» items
| Rod of Necromancy | 4 | |
| Dust of Appearance | 1 | |
| Sacrificial Skull | 2 | |
| Orb of Corruption | 1 | |
| Potion of Healing | 2 | |
| Scroll of Healing | 1 | |
| Scroll of Town Portal | 2 | |
13 total
Mypka_The_Cat (
red | 70 APM | 2442 actions | 34:59)
4 Archmage
2 Summon Water Elemental
2 Brilliance Aura
4 Mountain King
3 Storm Bolt
1 Thunder Clap
1 Paladin
1 Holy Light
» actions
| Assign group hotkey | 89 | |
| Basic commands | 58 | |
| Build / train | 121 | |
| ESC pressed | 10 | |
| Enter build submenu | 33 | |
| Enter hero's abilities submenu | 10 | |
| Give item / drop item | 1 | |
| Right click | 850 | |
| Select / deselect | 594 | |
| Select group hotkey | 560 | |
| Use ability | 116 | |
2442 total
» units
| Peasant | 21 | |
| Footman | 5 | |
| Mortar Team | 12 | |
| Dragonhawk Rider | 34 | |
72 total
» upgrades
| Gunpowder | 1 | |
| Lumber Harvesting | 2 | |
| Cloud | 2 | |
| Animal War Training | 1 | |
| Swords | 1 | |
| Armor | 2 | |
| Fragmentation Shards | 1 | |
10 total
» buildings
| Altar of Kings | 2 | |
| Farm | 10 | |
| Barracks | 1 | |
| Scout Tower | 11 | |
| Arcane Tower | 2 | |
| Lumber Mill | 1 | |
| Keep | 1 | |
| Arcane Vault | 1 | |
| Blacksmith | 1 | |
| Guard Tower | 8 | |
| Workshop | 2 | |
| Gryphon Aviary | 2 | |
| Town Hall | 1 | |
| Castle | 1 | |
44 total
» build order
00:10 Altar of Kings
00:12 Altar of Kings
00:15 Farm
00:18 Barracks
00:45 Farm
01:44 Scout Tower
02:03 Farm
02:14 Arcane Tower
03:39 Lumber Mill
04:08 Keep
04:16 Arcane Vault
04:31 Farm
05:05 Scout Tower
05:14 Blacksmith
05:37 Guard Tower
07:00 Workshop
07:03 Workshop
07:37 Gryphon Aviary
09:00 Farm
09:30 Farm
10:40 Town Hall
11:08 Scout Tower
11:10 Scout Tower
11:11 Scout Tower
11:37 Guard Tower
12:13 Castle
12:49 Guard Tower
12:49 Guard Tower
14:25 Scout Tower
14:35 Scout Tower
14:37 Scout Tower
15:29 Guard Tower
15:30 Guard Tower
15:33 Arcane Tower
15:43 Gryphon Aviary
17:53 Farm
17:54 Farm
17:57 Scout Tower
18:02 Scout Tower
18:03 Scout Tower
18:05 Guard Tower
20:42 Guard Tower
21:53 Farm
21:54 Farm
» items
| Scroll of Regeneration | 3 | |
| Lesser Clarity Potion | 4 | |
| Potion of Healing | 5 | |
| Staff of Sanctuary | 2 | |
14 total
TipsYL[i]ch (
teal | 104 APM | 3643 actions | 34:56)
2 Keeper of the Grove
1 Entangling Roots
1 Thorns Aura
» actions
| Assign group hotkey | 45 | |
| Basic commands | 90 | |
| Build / train | 56 | |
| ESC pressed | 1 | |
| Enter build submenu | 16 | |
| Enter hero's abilities submenu | 2 | |
| Right click | 2271 | |
| Select / deselect | 338 | |
| Select group hotkey | 558 | |
| Use ability | 266 | |
3643 total
» units
| Wisp | 14 | |
| Mountain Giant | 8 | |
| Dryad | 5 | |
27 total
» upgrades
| Strength of the Wild | 2 | |
| Abolish Magic | 1 | |
| Reinforced Hides | 2 | |
| Resistant Skin | 1 | |
| Hardened Skin | 1 | |
| Well Spring | 1 | |
8 total
» buildings
| Altar of Elders | 1 | |
| Moon Well | 7 | |
| Tree of Ages | 3 | |
| Ancient of Wonders | 2 | |
| Hunter's Hall | 1 | |
| Ancient of Lore | 2 | |
| Tree of Eternity | 2 | |
| Ancient Protector | 2 | |
20 total
» build order
00:07 Altar of Elders
00:20 Moon Well
02:14 Tree of Ages
02:15 Tree of Ages
02:20 Moon Well
02:36 Ancient of Wonders
02:53 Moon Well
03:56 Hunter's Hall
04:24 Moon Well
05:15 Ancient of Lore
05:16 Ancient of Lore
05:56 Tree of Eternity
07:01 Ancient of Wonders
11:30 Moon Well
11:31 Moon Well
11:35 Moon Well
14:14 Ancient Protector
14:38 Ancient Protector
» items
| Lesser Clarity Potion | 2 | |
| Potion of Healing | 2 | |
| Potion of Mana | 1 | |
| Staff of Preservation | 1 | |
6 total
team 2 (winner)
baby_in_pram (
pink | 135 APM | 4713 actions | 35:00)
5 Blademaster
2 Wind Walk
3 Critical Strike
» actions
| Assign group hotkey | 235 | |
| Basic commands | 23 | |
| Build / train | 71 | |
| ESC pressed | 3 | |
| Enter build submenu | 26 | |
| Enter hero's abilities submenu | 5 | |
| Give item / drop item | 4 | |
| Remove unit from queue | 3 | |
| Right click | 2692 | |
| Select / deselect | 404 | |
| Select group hotkey | 842 | |
| Use ability | 405 | |
4713 total
» units
» upgrades
| Liquid Fire | 1 | |
| Ranged Weapons | 2 | |
3 total
» buildings
| Altar of Storms | 1 | |
| Orc Burrow | 4 | |
| War Mill | 1 | |
| Voodoo Lounge | 4 | |
| Stronghold | 2 | |
| Watch Tower | 2 | |
| Fortress | 3 | |
| Beastiary | 4 | |
| Great Hall | 3 | |
24 total
» build order
00:05 Altar of Storms
00:13 Orc Burrow
00:50 War Mill
01:26 Orc Burrow
02:24 Voodoo Lounge
02:26 Voodoo Lounge
03:26 Stronghold
04:38 Watch Tower
04:45 Watch Tower
05:47 Fortress
05:48 Fortress
05:57 Beastiary
05:57 Beastiary
07:00 Orc Burrow
07:00 Orc Burrow
07:13 Beastiary
07:14 Beastiary
11:38 Voodoo Lounge
11:41 Voodoo Lounge
28:55 Great Hall
32:13 Great Hall
32:19 Great Hall
» items
| Healing Salve | 3 | |
| Boots of Speed | 1 | |
| Staff of Teleportation | 1 | |
| Orb of Lightning | 1 | |
| Lesser Clarity Potion | 2 | |
| Scroll of Town Portal | 1 | |
9 total
iggyhailsthee (
orange | 118 APM | 4118 actions | 35:00)
4 Mountain King
2 Storm Bolt
2 Bash
4 Paladin
2 Holy Light
2 Divine Shield
3 Archmage
2 Blizzard
1 Brilliance Aura
» actions
| Assign group hotkey | 317 | |
| Basic commands | 19 | |
| Build / train | 106 | |
| Enter build submenu | 82 | |
| Enter hero's abilities submenu | 11 | |
| Give item / drop item | 6 | |
| Right click | 2073 | |
| Select / deselect | 440 | |
| Select group hotkey | 771 | |
| Use ability | 293 | |
4118 total
» units
» upgrades
| Masonry | 3 | |
| Lumber Harvesting | 2 | |
| Magic Sentry | 1 | |
6 total
» buildings
| Altar of Kings | 1 | |
| Farm | 4 | |
| Lumber Mill | 1 | |
| Scout Tower | 87 | |
| Arcane Tower | 8 | |
| Guard Tower | 34 | |
| Arcane Vault | 2 | |
| Keep | 1 | |
| Castle | 1 | |
| Arcane Sanctum | 2 | |
| Town Hall | 2 | |
143 total
» build order
00:12 Altar of Kings
00:31 Farm
01:05 Farm
01:16 Lumber Mill
01:36 Farm
01:55 Scout Tower
02:00 Scout Tower
02:23 Arcane Tower
02:28 Scout Tower
02:48 Guard Tower
02:48 Guard Tower
02:50 Scout Tower
03:23 Guard Tower
03:23 Guard Tower
03:27 Scout Tower
03:30 Scout Tower
04:00 Guard Tower
04:08 Scout Tower
04:09 Scout Tower
04:27 Arcane Vault
04:31 Scout Tower
04:33 Scout Tower
04:38 Guard Tower
04:44 Keep
04:51 Scout Tower
04:59 Scout Tower
05:00 Arcane Tower
05:05 Guard Tower
05:10 Scout Tower
05:23 Scout Tower
05:28 Guard Tower
05:38 Guard Tower
05:39 Scout Tower
06:13 Guard Tower
06:14 Guard Tower
06:15 Guard Tower
06:23 Scout Tower
07:11 Scout Tower
07:12 Scout Tower
07:14 Scout Tower
07:14 Scout Tower
07:15 Scout Tower
07:15 Scout Tower
07:16 Arcane Tower
07:29 Scout Tower
07:30 Scout Tower
07:31 Scout Tower
07:32 Scout Tower
08:01 Castle
08:05 Arcane Sanctum
08:07 Arcane Sanctum
08:09 Arcane Tower
08:18 Scout Tower
08:18 Scout Tower
08:19 Guard Tower
08:46 Guard Tower
08:50 Guard Tower
08:57 Arcane Tower
09:27 Guard Tower
09:49 Guard Tower
09:58 Scout Tower
09:59 Scout Tower
10:04 Guard Tower
10:27 Farm
11:40 Guard Tower
11:50 Guard Tower
11:58 Scout Tower
11:58 Scout Tower
12:32 Town Hall
14:57 Scout Tower
14:58 Scout Tower
15:11 Scout Tower
15:11 Scout Tower
15:15 Scout Tower
15:16 Scout Tower
15:30 Scout Tower
15:31 Scout Tower
16:01 Scout Tower
16:02 Scout Tower
16:03 Scout Tower
16:03 Scout Tower
16:06 Scout Tower
16:07 Scout Tower
16:36 Guard Tower
16:38 Scout Tower
16:39 Scout Tower
16:40 Scout Tower
16:42 Scout Tower
16:45 Scout Tower
16:46 Scout Tower
16:46 Scout Tower
16:47 Scout Tower
17:06 Arcane Tower
17:07 Guard Tower
17:08 Scout Tower
17:38 Guard Tower
17:39 Scout Tower
17:41 Guard Tower
17:43 Scout Tower
17:44 Scout Tower
18:19 Guard Tower
18:23 Scout Tower
18:24 Scout Tower
18:25 Scout Tower
18:28 Guard Tower
18:31 Scout Tower
18:33 Scout Tower
18:33 Scout Tower
18:35 Scout Tower
18:35 Scout Tower
18:36 Arcane Tower
18:40 Scout Tower
18:40 Scout Tower
18:56 Guard Tower
18:59 Scout Tower
19:00 Scout Tower
20:51 Town Hall
20:56 Scout Tower
20:57 Scout Tower
20:58 Scout Tower
20:59 Scout Tower
21:00 Arcane Vault
23:23 Guard Tower
23:27 Scout Tower
24:09 Guard Tower
24:20 Scout Tower
24:21 Scout Tower
24:21 Scout Tower
24:28 Arcane Tower
24:29 Guard Tower
26:38 Guard Tower
27:10 Scout Tower
27:12 Scout Tower
27:45 Scout Tower
27:49 Scout Tower
27:50 Scout Tower
28:06 Guard Tower
28:12 Guard Tower
28:15 Scout Tower
28:16 Scout Tower
28:18 Scout Tower
28:18 Scout Tower
33:05 Guard Tower
» items
| Boots of Speed | 3 | |
| Staff of Teleportation | 3 | |
| Orb of Lightning | 2 | |
| Staff of Sanctuary | 3 | |
| Healing Salve | 1 | |
| Circlet of Nobility | 1 | |
13 total
MsClausPlusNine (
green | 148 APM | 5194 actions | 35:03)
3 Warden
2 Shadow Strike
1 Blink
3 Pandaren Brewmaster
2 Breath of Fire
1 Drunken Haze
4 Goblin Tinker
1 Pocket Factory
2 Cluster Rockets
1 Engineering Upgrade
» actions
| Assign group hotkey | 17 | |
| Basic commands | 1 | |
| Build / train | 99 | |
| Enter build submenu | 29 | |
| Enter hero's abilities submenu | 11 | |
| Give item / drop item | 4 | |
| Remove unit from queue | 7 | |
| Right click | 3909 | |
| Select / deselect | 488 | |
| Select group hotkey | 310 | |
| Use ability | 310 | |
5194 total
» units
» upgrades
| Nature's Blessing | 1 | |
| Well Spring | 1 | |
| Ultravision | 1 | |
3 total
» buildings
| Moon Well | 29 | |
| Altar of Elders | 1 | |
| Tree of Ages | 3 | |
| Tree of Life | 2 | |
| Tree of Eternity | 1 | |
| Ancient of Wind | 1 | |
| Hunter's Hall | 1 | |
38 total
» build order
00:32 Moon Well
01:10 Altar of Elders
01:22 Moon Well
04:26 Moon Well
04:27 Moon Well
04:59 Moon Well
06:50 Tree of Ages
06:51 Tree of Ages
06:55 Moon Well
06:57 Moon Well
07:49 Tree of Life
08:04 Moon Well
08:05 Moon Well
08:05 Moon Well
08:06 Moon Well
11:30 Tree of Eternity
12:15 Moon Well
12:15 Moon Well
12:16 Moon Well
12:20 Moon Well
12:20 Moon Well
16:12 Ancient of Wind
16:18 Hunter's Hall
20:26 Tree of Life
20:57 Moon Well
20:59 Moon Well
21:00 Moon Well
21:02 Moon Well
21:58 Moon Well
21:59 Moon Well
21:59 Moon Well
22:00 Moon Well
23:24 Moon Well
23:24 Moon Well
23:25 Moon Well
23:25 Moon Well
» items
| Boots of Speed | 3 | |
| Staff of Teleportation | 8 | |
| Healing Salve | 2 | |
| Lesser Clarity Potion | 1 | |
| Orb of Lightning | 3 | |
| Staff of Sanctuary | 5 | |
| Tome of Retraining | 1 | |
| Potion of Lesser Invulnerability | 1 | |
| Potion of Healing | 1 | |
25 total
timg4strok (
blue | 141 APM | 4923 actions | 35:00)
4 Archmage
2 Blizzard
2 Brilliance Aura
3 Mountain King
2 Storm Bolt
1 Bash
3 Paladin
2 Holy Light
1 Divine Shield
» actions
| Assign group hotkey | 6 | |
| Basic commands | 37 | |
| Build / train | 140 | |
| ESC pressed | 5 | |
| Enter build submenu | 146 | |
| Enter hero's abilities submenu | 10 | |
| Give item / drop item | 3 | |
| Right click | 2493 | |
| Select / deselect | 421 | |
| Select group hotkey | 1247 | |
| Use ability | 414 | |
4923 total
» units
» upgrades
» buildings
| Lumber Mill | 1 | |
| Altar of Kings | 1 | |
| Farm | 3 | |
| Scout Tower | 192 | |
| Arcane Tower | 5 | |
| Guard Tower | 75 | |
| Town Hall | 1 | |
| Keep | 1 | |
| Arcane Vault | 3 | |
| Castle | 1 | |
| Arcane Sanctum | 2 | |
285 total
» build order
00:13 Lumber Mill
01:24 Altar of Kings
01:25 Farm
01:27 Scout Tower
01:50 Scout Tower
01:54 Arcane Tower
01:57 Farm
02:08 Scout Tower
02:19 Guard Tower
02:28 Scout Tower
02:40 Scout Tower
02:45 Scout Tower
02:46 Guard Tower
02:53 Scout Tower
02:55 Guard Tower
03:08 Guard Tower
03:09 Guard Tower
03:10 Scout Tower
03:16 Guard Tower
03:19 Scout Tower
03:31 Guard Tower
03:32 Scout Tower
03:33 Scout Tower
03:37 Guard Tower
03:38 Scout Tower
03:58 Guard Tower
04:00 Scout Tower
04:11 Guard Tower
04:13 Scout Tower
04:14 Guard Tower
04:28 Guard Tower
04:31 Scout Tower
05:02 Town Hall
05:13 Guard Tower
05:14 Guard Tower
05:14 Guard Tower
05:55 Scout Tower
05:58 Scout Tower
05:59 Scout Tower
06:06 Scout Tower
06:10 Scout Tower
06:11 Scout Tower
06:15 Keep
06:22 Scout Tower
06:22 Scout Tower
06:25 Guard Tower
06:29 Scout Tower
06:32 Scout Tower
06:34 Scout Tower
06:45 Guard Tower
06:49 Guard Tower
07:01 Guard Tower
07:02 Guard Tower
07:05 Scout Tower
07:06 Scout Tower
07:11 Scout Tower
07:17 Guard Tower
07:20 Scout Tower
07:21 Scout Tower
07:22 Scout Tower
07:30 Arcane Tower
07:42 Guard Tower
07:44 Scout Tower
07:44 Scout Tower
07:45 Scout Tower
07:46 Scout Tower
07:55 Guard Tower
08:19 Arcane Tower
08:19 Guard Tower
08:23 Guard Tower
08:41 Arcane Vault
08:42 Arcane Vault
08:43 Arcane Vault
08:46 Guard Tower
08:48 Scout Tower
08:49 Scout Tower
08:51 Scout Tower
08:51 Scout Tower
08:52 Scout Tower
09:20 Guard Tower
09:22 Guard Tower
09:24 Scout Tower
09:24 Scout Tower
09:42 Castle
09:46 Guard Tower
09:46 Arcane Sanctum
09:49 Arcane Sanctum
10:03 Guard Tower
10:48 Guard Tower
10:49 Scout Tower
10:50 Scout Tower
11:25 Scout Tower
11:27 Scout Tower
11:27 Scout Tower
11:28 Scout Tower
11:35 Scout Tower
11:36 Scout Tower
11:37 Scout Tower
11:38 Scout Tower
12:18 Guard Tower
12:21 Scout Tower
12:21 Scout Tower
12:22 Scout Tower
12:32 Scout Tower
12:33 Scout Tower
12:34 Scout Tower
12:35 Guard Tower
12:38 Scout Tower
12:39 Scout Tower
13:17 Guard Tower
13:18 Scout Tower
13:19 Scout Tower
13:20 Scout Tower
14:12 Guard Tower
14:13 Scout Tower
14:14 Scout Tower
14:16 Scout Tower
14:17 Scout Tower
14:21 Guard Tower
14:28 Scout Tower
14:29 Scout Tower
14:29 Scout Tower
14:49 Guard Tower
14:54 Guard Tower
15:14 Guard Tower
15:15 Scout Tower
15:16 Scout Tower
15:17 Scout Tower
15:21 Scout Tower
15:22 Scout Tower
15:22 Scout Tower
15:43 Scout Tower
15:44 Scout Tower
15:44 Scout Tower
15:45 Scout Tower
15:47 Guard Tower
15:54 Guard Tower
15:56 Guard Tower
15:59 Scout Tower
16:00 Scout Tower
16:00 Scout Tower
16:02 Guard Tower
16:02 Guard Tower
17:02 Guard Tower
17:05 Scout Tower
17:05 Scout Tower
17:13 Guard Tower
17:22 Guard Tower
17:23 Scout Tower
17:24 Scout Tower
17:25 Scout Tower
17:25 Scout Tower
17:35 Scout Tower
17:36 Scout Tower
17:39 Guard Tower
18:33 Guard Tower
18:34 Scout Tower
18:35 Scout Tower
18:56 Scout Tower
18:56 Scout Tower
18:57 Scout Tower
18:57 Scout Tower
18:58 Scout Tower
18:59 Scout Tower
18:59 Scout Tower
19:00 Scout Tower
19:01 Scout Tower
19:02 Scout Tower
19:02 Scout Tower
19:03 Scout Tower
19:05 Scout Tower
19:05 Scout Tower
19:15 Guard Tower
19:16 Scout Tower
19:16 Scout Tower
19:17 Scout Tower
19:17 Scout Tower
20:02 Guard Tower
20:38 Guard Tower
20:39 Arcane Tower
20:42 Guard Tower
20:45 Scout Tower
20:46 Scout Tower
20:46 Scout Tower
20:51 Farm
21:01 Guard Tower
21:25 Guard Tower
21:52 Scout Tower
21:52 Scout Tower
21:53 Scout Tower
23:04 Guard Tower
23:05 Scout Tower
23:05 Scout Tower
23:20 Scout Tower
23:21 Scout Tower
23:54 Guard Tower
23:56 Scout Tower
23:57 Scout Tower
24:02 Scout Tower
24:03 Scout Tower
24:07 Scout Tower
24:08 Scout Tower
24:08 Scout Tower
24:11 Guard Tower
24:59 Guard Tower
25:45 Scout Tower
25:46 Scout Tower
25:46 Scout Tower
25:47 Scout Tower
25:48 Scout Tower
25:49 Scout Tower
25:49 Scout Tower
25:50 Scout Tower
25:51 Scout Tower
25:52 Scout Tower
25:52 Scout Tower
25:54 Scout Tower
25:54 Scout Tower
25:56 Scout Tower
25:56 Scout Tower
25:57 Scout Tower
26:26 Guard Tower
26:29 Scout Tower
26:30 Scout Tower
26:33 Guard Tower
26:34 Scout Tower
26:34 Scout Tower
26:35 Scout Tower
26:39 Guard Tower
26:43 Scout Tower
26:44 Scout Tower
27:07 Guard Tower
27:10 Scout Tower
27:11 Scout Tower
27:12 Scout Tower
27:12 Scout Tower
27:13 Scout Tower
27:13 Scout Tower
27:16 Scout Tower
27:16 Scout Tower
27:17 Scout Tower
27:18 Guard Tower
27:20 Guard Tower
28:02 Guard Tower
28:11 Guard Tower
28:15 Scout Tower
28:16 Scout Tower
28:16 Scout Tower
28:18 Scout Tower
28:18 Scout Tower
29:05 Guard Tower
29:06 Scout Tower
29:07 Scout Tower
29:07 Scout Tower
29:08 Scout Tower
31:08 Guard Tower
31:13 Guard Tower
31:18 Scout Tower
31:18 Scout Tower
31:19 Scout Tower
31:20 Scout Tower
31:22 Scout Tower
31:23 Scout Tower
32:46 Guard Tower
32:48 Scout Tower
32:49 Scout Tower
32:49 Scout Tower
32:50 Scout Tower
32:50 Scout Tower
32:51 Scout Tower
33:03 Guard Tower
33:05 Scout Tower
33:05 Scout Tower
33:06 Scout Tower
33:08 Scout Tower
33:45 Guard Tower
33:48 Scout Tower
33:49 Scout Tower
34:33 Guard Tower
34:38 Scout Tower
34:39 Scout Tower
34:39 Scout Tower
34:40 Scout Tower
» items
| Staff of Teleportation | 3 | |
| Boots of Speed | 3 | |
| Healing Salve | 1 | |
| Orb of Lightning | 4 | |
| Staff of Sanctuary | 3 | |
14 total
Chat log
(00:49 / All) MsClausPlusNine: hey a ll
(27:12 / All) 3x3x3: веселая страта у вас
(34:30 / All) MsClausPlusNine: gg
(34:30 / All) timg4strok: gg
(34:32 / All) MsClausPlusNine: http://highper.ch/
(34:35 / All) iggyhailsthee: gg you suck
(34:42 / All) baby_in_pram: enjoy this and many similar replays at our web site
(34:52 / All) TipsYL[i]ch: я твой дивн семки грыз
(34:53 / All) MsClausPlusNine: peep a pic, draw a pic